 Dungeon Crawl Stone Soup version 0.28-a0-828-g0121872642 (webtiles) character file.

Game seed: 6860132004948618351

92 ytrimaz the Sneak (level 4, -2/29 HPs)
             Began as an Octopode Brigand on Nov 10, 2021.
             Killed by divine providence
             ... invoked by an orc priest
              (11 damage)
             ... on level 3 of the Dungeon.
             The game lasted 00:01:42 (2488 turns).

ytrimaz the Sneak (Octopode Brigand)                Turns: 2488, Time: 00:01:43

Health: -2/29      AC:  1    Str: 10    XL:     4   Next: 60%
Magic:  4/4        EV: 12    Int: 14    God:
Gold:   103        SH:  0    Dex: 13    Spells: 3/3 levels left

rFire   . . .      SeeInvis +   a - +2 dagger
rCold   . . .      Faith    .   (no shield)
rNeg    . . .      Spirit   .   (helmet restricted)
rPois   .          Reflect  .   (no amulet)
rElec   .          Harm     .   g - ring of see invisible
rCorr   .          Rampage  .   (no ring)
Will    .....                   (no ring)
Stlth   +++++.....              (no ring)
HPRegen 0.09/turn               (no ring)
MPRegen 0.09/turn               (no ring)
                                (no ring)
                                (no ring)

@: no status effects
A: almost no armour, amphibious, 8 rings, camouflage 1, gelatinous body 1,
(nimble swimmer 1), tentacles
a: no special abilities


You were on level 3 of the Dungeon.
You visited 1 branch of the dungeon, and saw 3 of its levels.

You collected 103 gold pieces.

Inventory:

Hand Weapons
 a - a +2 dagger (weapon)
Missiles
 b - 8 poisoned darts (quivered)
 c - 2 curare-tipped darts
Jewellery
 g - a ring of see invisible (left tentacle)
Scrolls
 e - a scroll of fog {unknown}
 h - 2 scrolls of enchant armour {unknown}
Potions
 d - a potion of attraction {unknown}
 f - a potion of lignification {unknown}
 i - a potion of haste {unknown}
 j - a potion of curing {unknown}
 k - a potion of might {unknown}


   Skills:
 - Level 2.0 Fighting
 * Level 2.4 Short Blades
 * Level 2.4 Throwing
 - Level 1.0 Dodging
 * Level 7.5 Stealth


You had 3 spell levels left.
You didn't know any spells.
Your spell library contained the following spells:

 Spells                   Type           Power      Damage    Failure   Level
 Corpse Rot               Necr/Air       0%         N/A       41%         2
 Poisonous Vapours        Pois/Air       0%         N/A       41%         2
 Alistair's Intoxication  Tmut/Pois      0%         N/A       100%        5
 Borgnjor's Vile Clutch   Necr/Erth      0%         N/A       100%        5
 Eringya's Noxious Bog    Tmut/Pois      0%         N/A       100%        6


Dungeon Overview and Level Annotations

Branches:
Dungeon (3/15)

Altars:
Kikubaaqudgha


Innate Abilities, Weirdness & Mutations

You cannot wear most types of armour.
You are amphibious.
You can wear up to eight rings at the same time.
Your skin changes colour to match your surroundings (Stealth+).
Your rubbery body absorbs attacks. (AC +1, EV +1)
((You are camouflaged near water. (Stealth+)))
You have tentacles for arms and can constrict up to eight enemies at once.


Message History

The jackal closely misses you.
You hit the jackal. You grab the jackal.
The jackal is heavily wounded.
You constrict the jackal, but do no damage.
The jackal barely misses you. x2
You hit the jackal.
You kill the jackal!
You hit the ball python. Your grab misses the ball python.
Your squeeze misses the ball python.
The ball python is severely wounded.
The ball python closely misses you. x2
A ball python is nearby!
A ball python is nearby!
You hit the ball python.
You kill the ball python!
Things that are here:
a ball python corpse; a jackal corpse; a jackal corpse No target in view!
Found an escape hatch in the ceiling.
There is an escape hatch in the ceiling here.
Found fire dragon scales.
Found a buckler.
An orc priest comes into view. It is wielding a +0 dagger.
An orc priest is nearby!
An orc comes into view. It is wielding a +0 whip.
Found 11 bolts.
An orc comes into view. It is wielding a +0 hand axe.
An orc comes into view. It is wielding a +0 whip.
The orc shouts! x2; The orc priest shouts!
An orc comes into view. It is wielding a +0 mace.
The orc shouts!
The orc priest invokes the aid of Beogh against you.
Pain shoots through your body!
A rat comes into view.
The orc priest mumbles some strange prayers to Beogh against you.
Beogh smites you!
* * * LOW HITPOINT WARNING * * *
The orc priest calls down the wrath of Beogh upon you.
Beogh smites you!
You die...

#.# #.# #.# #.#
############# #.#
#...........# #.#
#.###..####.# ####.## #
###..####.##### #.....###...
#
#[.........@.<###.###......#
#.#.#.[####.###.....#
#.###.## #.#.#..o.o..#
####..###..# #......######
#......†## ###.####
#.##.###.# #.# #.##.# #.#
####o## #.##.###.# #...o.#
#.......### #.##..#
##>.......###


You could see an orc priest.

Vanquished Creatures
  An iguana (D:2)
  An adder (D:3)
  A worm (D:2)
  5 bats (D:1)
  3 endoplasms
  4 giant cockroaches
  6 goblins
  5 hobgoblins
  7 jackals
  2 quokkas (D:1)
  7 ball pythons
  3 frilled lizards
  2 kobolds
  2 rats
49 creatures vanquished.

Notes
Turn   | Place    | Note
-------+----------+-------------------------------------------
     0 | D:1      | ytrimaz the Octopode Brigand began the quest for the Orb.
     0 | D:1      | Reached XP level 1. HP: 14/14 MP: 1/1
   160 | D:1      | Reached XP level 2. HP: 15/19 MP: 2/2
   168 | D:1      | Reached skill level 6 in Stealth
   561 | D:1      | Found a faded altar of an unknown god.
   912 | D:1      | Reached XP level 3. HP: 24/24 MP: 3/3
  1706 | D:2      | Found an ancient bone altar of Kikubaaqudgha.
  1917 | D:2      | Reached skill level 7 in Stealth
  1917 | D:2      | Reached XP level 4. HP: 29/29 MP: 4/4
  2488 | D:3      | Killed from afar by an orc priest

Illustrated notes

Levels and vault maps discovered:
D:1:      elethiomel_arrival_quiet, layout_basic,
          shapermc_ecumenical_altar_mp_ritualfount, hangedman_decor_points,
          minmay_tromino_v4_b
D:2:      minmay_alternating_diamond, layout_basic, basic_altar
D:3:      layout_loops_cross, uniq_crazy_yiuf_cottage

Skill      XL: |  1  2  3 |
---------------+----------+-----
Stealth        | 6 7 |  7.5
Fighting       | |  2.0
Short Blades   | |  2.4
Throwing       | |  2.4
Dodging        | |  1.0

Action                   |  1- 3 |  4- 6 || total
-------------------------+-------+-------++-------
Melee: Dagger            |    67 |    22 ||    89
       Constrict         |    16 |     4 ||    20
       Tentacles         |    11 |     5 ||    16
 Stab: Sleeping          |    16 |     3 ||    19
Armor: Skin              |     9 |     1 ||    10
Dodge: Dodged            |    30 |    12 ||    42

Table legend: (Time is in decaauts)
 A = Elapsed time spent in this place.
 B = Non-inter-level travel time spent in this place.
 C = Inter-level travel time spent in this place.
 D = Time resting spent in this place.
 E = Time spent auto-exploring this place.
 F = Levels seen in this place.
 G = Mean time per level.
                   A        B        C        D        E       F      G
               +--------+--------+--------+--------+--------+-----+--------+
         Total |   2477 |   2434 |     43 |      0 |   2110 |   3 |  825.7 |
       Dungeon |   2477 |   2434 |     43 |      0 |   2110 |   3 |  825.7 |
               +--------+--------+--------+--------+--------+-----+--------+

Top non-repeatable levels by time:
     D:1: 1226 daAuts
     D:2: 964 daAuts
     D:3: 286 daAuts
